 Dungeon Crawl Stone Soup version 0.28-a0-863-g8cecda6153 (webtiles) character file.

Game seed: 9657398583536450353

49 Astera the Cudgeller (level 3, -2/54 HPs)
             Began as a Troll Berserker on Nov 20, 2021.
             Was a Believer of Trog.
             Slain by a gnoll (7 damage)
             ... on level 2 of the Dungeon.
             The game lasted 00:02:38 (1016 turns).

Astera the Cudgeller (Troll Berserker)              Turns: 1016, Time: 00:02:39

Health: -2/54      AC:  4    Str: 25    XL:     3   Next: 51%
Magic:  2/2        EV: 10    Int:  4    God:    Trog [**....]
Gold:   73         SH:  0    Dex: 15    Spells: 2/2 levels left

rFire   . . .      SeeInvis .   a - +0 mace
rCold   . . .      Faith    .   (no shield)
rNeg    . . .      Spirit   .   b - +0 animal skin
rPois   .          Reflect  .   (helmet restricted)
rElec   .          Harm     .   (no cloak)
rCorr   .          Rampage  .   (gloves unavailable)
Will    .....                   (boots unavailable)
Stlth   ..........              (no amulet)
HPRegen 1.18/turn               e - +6 ring of dexterity
MPRegen 0.08/turn               (no ring)

@: berserking (expiring), very quick
A: large, unfitting armour, claws 3, regeneration 1, shaggy fur 1, tough skin 1
a: Renounce Religion, Berserk, Trog's Hand


You were on level 2 of the Dungeon.
You worshipped Trog.
Trog was pleased with you.
You visited 1 branch of the dungeon, and saw 2 of its levels.

You collected 73 gold pieces.

Inventory:

Hand Weapons
 a - a +0 mace (weapon)
Armour
 b - a +0 animal skin (worn)
Jewellery
 e - a +6 ring of dexterity (left claw)
Scrolls
 d - a scroll of noise {unknown}
 f - 3 scrolls of teleportation {unknown}
 h - a scroll of identify {unknown}
Potions
 c - a potion of flight {unknown}
 g - a potion of mutation {unknown}


   Skills:
 + Level 2.7 Fighting
 + Level 3.3 Maces & Flails
 + Level 2.8 Dodging
 + Level 0.3 Stealth


You had 2 spell levels left.
You didn't know any spells.
Your spell library was empty.

Dungeon Overview and Level Annotations

Branches:
Dungeon (2/15)

Altars:


Innate Abilities, Weirdness & Mutations

You are too large for most types of armour.
You have claws for hands.
Your natural rate of healing is unusually fast.
You are covered in fur. (AC +1)
You have tough skin. (AC +1)


Message History

You closely miss the gnoll. The gnoll closely misses you.
The gnoll barely misses you. x2
You sock the gnoll!
The gnoll is heavily wounded.
The gnoll completely misses you. The gnoll hits you with a +0 club.
The gnoll barely misses you. The gnoll hits you with a +0 club.
The gnoll hits you but does no damage.
You hit the gnoll.
You kill the gnoll!
Trog accepts your kill.
The gnoll hits you from afar with a +0 spear. x2
You are too injured to fight recklessly!
You are too injured to fight recklessly!
You are too injured to fight recklessly!
You are too injured to fight recklessly!
You are too injured to fight recklessly!
You are too injured to fight recklessly!
You are too injured to fight recklessly!
You are too injured to fight recklessly!
You are too injured to fight recklessly!
You are too injured to fight recklessly!
You are too injured to fight recklessly!
You are too injured to fight recklessly!
A red film seems to cover your vision as you go berserk!
You feel yourself moving faster!
You feel mighty!
The gnoll hits you from afar with a +0 spear.
The gnoll closely misses you.
You feel a strong urge to attack something.
The gnoll hits you but does no damage.
The gnoll hits you from afar with a +0 spear!
* * * LOW HITPOINT WARNING * * *
You barely miss the gnoll. The gnoll hits you with a +0 spear.
* * * LOW HITPOINT WARNING * * *
The gnoll hits you from afar with a +0 spear.
* * * LOW HITPOINT WARNING * * *
You barely miss the gnoll. The gnoll hits you with a +0 spear.
* * * LOW HITPOINT WARNING * * *
You barely miss the gnoll. The gnoll barely misses you.
The gnoll hits you with a +0 spear!
You die...

#.##.#
#.#####.##.##
#......)#...###
#######....#......
........#....#####
###.###g........
#. #g#....###
###.###)#.#.##
#...<..@g....#
#.#.....#.#..#
#..##.#.#..#
#....##.# # ..
#.....#..
#....###.. #.#..#
### #.##.#


You could see 3 gnolls.

Vanquished Creatures
  A gnoll (D:2)
  3 bats (D:1)
  4 endoplasms
  2 giant cockroaches (D:1)
  4 goblins
  4 hobgoblins (D:1)
  A quokka (D:1)
  4 ball pythons (D:1)
  2 frilled lizards (D:1)
  15 rats
40 creatures vanquished.

Vanquished Creatures (others)
  A plant (D:1)
1 creature vanquished.

Grand Total: 41 creatures vanquished

Notes
Turn   | Place    | Note
-------+----------+-------------------------------------------
     0 | D:1      | Astera the Troll Berserker began the quest for the Orb.
     0 | D:1      | Reached XP level 1. HP: 22/22 MP: 0/0
    94 | D:1      | Reached XP level 2. HP: 29/29 MP: 1/1
   100 | D:1      | Reached skill level 3 in Maces & Flails
   171 | D:1      | Found Qiujich's Armour Shoppe.
   421 | D:1      | Reached ** piety under Trog
   579 | D:1      | Reached XP level 3. HP: 36/36 MP: 2/2
   634 | D:1      | Found a faded altar of an unknown god.
  1016 | D:2      | Slain by a gnoll

Illustrated notes

Levels and vault maps discovered:
D:1:      dpeg_arrival_line_fractal, layout_loops_ring, serial_shops, shop,
          shapermc_ecumenical_altar_rom_forum, minmay_rat_gold_closets
D:2:      layout_loops_ring

Skill      XL: |  1  2 |
---------------+-------+-----
Maces & Flails | 3 |  3.3
Fighting       | |  2.7
Dodging        | |  2.8
Stealth        | |  0.3

Action                   || total
-------------------------++-------
Melee: Mace              ||   100
Invok: Berserk           ||     1
 Stab: Sleeping          ||     7
Armor: Animal skin       ||    35
Dodge: Dodged            ||    66

Table legend: (Time is in decaauts)
 A = Elapsed time spent in this place.
 B = Non-inter-level travel time spent in this place.
 C = Inter-level travel time spent in this place.
 D = Time resting spent in this place.
 E = Time spent auto-exploring this place.
 F = Levels seen in this place.
 G = Mean time per level.
                   A        B        C        D        E       F      G
               +--------+--------+--------+--------+--------+-----+--------+
         Total |   1040 |    999 |     41 |      7 |    678 |   2 |  520.0 |
       Dungeon |   1040 |    999 |     41 |      7 |    678 |   2 |  520.0 |
               +--------+--------+--------+--------+--------+-----+--------+

Top non-repeatable levels by time:
     D:1: 978 daAuts
     D:2: 61 daAuts
